MID
GREAT LAKES LOONS @ FORT WAYNE TINCAPS
06/12/2099
 
TOP OF THE 1ST
Great Lakes Loons batting - Pitching for Fort Wayne TinCaps : RHP Phil Barbara
Pitching: RHP Phil Barbara
Batting: RHB Cory Walton 0-0: Ball
1-0: Swinging Strike
1-1: Ball
2-1: Ball
3-1: SINGLE (Line Drive, 56D, EV 98.8 MPH)
Batting: RHB Austin Vargas 0-0: Foul Ball, location: 2F
0-1: Ball
1-1: Ball
Wild Pitch!
Cory Walton to second
2-1: Foul Ball, location: 25F
2-2: SINGLE (Groundball, 56S, EV 70.6 MPH) (infield hit)
Cory Walton to third
Batting: RHB Roy Fontaine 0-0: Ball
1-0: Ball
Austin Vargas steals 2nd base
2-0: Called Strike
2-1: Ball
3-1: Foul Ball, location: 3F
3-2: Strikes out swinging
Batting: RHB Alex Villalpando 0-0: Called Strike
0-1: Ball
1-1: Ball
2-1: 3-RUN HOME RUN (Flyball, 78XD, EV 108.8 MPH), Distance : 402 ft
Batting: SHB Jason Phillips 0-0: Called Strike
0-1: Foul Ball, location: 2F
0-2: Ball
1-2: Ball
2-2: Ground out 4-3 (Groundball, 4, EV 98.1 MPH)
Batting: RHB Trent Shere 0-0: Called Strike
0-1: Ball
1-1: Ball
2-1: Ground out 6-3 (Groundball, 6MS, EV 60.6 MPH)
Top of the 1st over - 3 runs, 3 hits, 0 errors, 0 left on base; Great Lakes 3 - Fort Wayne 0
BOTTOM OF THE 1ST
Fort Wayne TinCaps batting - Pitching for Great Lakes Loons : RHP Carlos Lemus
Pitching: RHP Carlos Lemus
Batting: RHB Jose Noriega 0-0: Ball
1-0: Called Strike
1-1: Foul Ball, location: 25FF
1-2: Strikes out swinging
Batting: RHB Elijah Hodge 0-0: Ball
1-0: Called Strike
1-1: Swinging Strike
1-2: Fly out, F4 (Popup, 4M, EV 58.8 MPH)
Batting: LHB Danny Tellechea 0-0: Called Strike
0-1: Foul Ball, location: 9LSF
0-2: Fly out, F8 (Flyball, 8LD, EV 100.6 MPH)
Bottom of the 1st over - 0 runs, 0 hits, 0 errors, 0 left on base; Great Lakes 3 - Fort Wayne 0
TOP OF THE 2ND
Great Lakes Loons batting - Pitching for Fort Wayne TinCaps : RHP Phil Barbara
Batting: LHB Russ Hailer 0-0: Ball
1-0: Swinging Strike
1-1: Fly out, F8 (Flyball, 8RS, EV 91.9 MPH)
Batting: RHB Adam Averett 0-0: Ball
1-0: Ball
2-0: Ball
3-0: Base on Balls
Batting: RHB Karl Gorgone 0-0: Ball
1-0: Ball
2-0: Called Strike
2-1: Swinging Strike
2-2: Strikes out swinging
Batting: RHB Cory Walton 0-0: Ball
1-0: Ball
2-0: Swinging Strike
2-1: Foul Ball, location: 9LDF
2-2: Strikes out swinging
Top of the 2nd over - 0 runs, 0 hits, 0 errors, 1 left on base; Great Lakes 3 - Fort Wayne 0
BOTTOM OF THE 2ND
Fort Wayne TinCaps batting - Pitching for Great Lakes Loons : RHP Carlos Lemus
Batting: LHB Bill Narveson 0-0: Fly out, F5 (Popup, 56S, EV 84.4 MPH)
Batting: LHB Mark Calhoun 0-0: Ball
1-0: Ball
2-0: Called Strike
2-1: Ball
3-1: Ground out 4-3 (Groundball, 4, EV 81.9 MPH)
Batting: RHB David Key 0-0: Ball
1-0: Foul Ball, location: 2F
1-1: Ball
2-1: Foul Ball, location: 3F
2-2: Fly out, F8 (Flyball, 8RD, EV 95.0 MPH)
Bottom of the 2nd over - 0 runs, 0 hits, 0 errors, 0 left on base; Great Lakes 3 - Fort Wayne 0
TOP OF THE 3RD
Great Lakes Loons batting - Pitching for Fort Wayne TinCaps : RHP Phil Barbara
Batting: RHB Austin Vargas 0-0: Ball
1-0: Ball
2-0: Called Strike
2-1: Called Strike
2-2: Fly out, F8 (Flyball, 8LD, EV 110.0 MPH)
Batting: RHB Roy Fontaine 0-0: Called Strike
0-1: Foul Ball, location: 9LMF
0-2: Ball
1-2: Foul Ball, location: 9LSFF
1-2: Ball
2-2: SINGLE (Line Drive, 4D, EV 94.4 MPH)
Batting: RHB Alex Villalpando 0-0: Ball
1-0: Swinging Strike
1-1: Swinging Strike
1-2: Strikes out swinging
Batting: SHB Jason Phillips 0-0: Called Strike
0-1: Foul Ball, location: 2F
0-2: Ball
1-2: Strikes out swinging
Top of the 3rd over - 0 runs, 1 hit, 0 errors, 1 left on base; Great Lakes 3 - Fort Wayne 0
BOTTOM OF THE 3RD
Fort Wayne TinCaps batting - Pitching for Great Lakes Loons : RHP Carlos Lemus
Batting: LHB J.J. Daugherty 0-0: Swinging Strike
0-1: Ball
1-1: Swinging Strike
1-2: Fly out, F8 (Flyball, 8RM, EV 90.0 MPH)
Batting: RHB Ryan Sheflin 0-0: Called Strike
0-1: Fly out, F3 (Popup, 34S, EV 74.4 MPH)
Batting: RHB Sean Hutchison 0-0: Called Strike
0-1: Ball
1-1: Fly out, F9 (Flyball, 89S, EV 89.4 MPH)
Bottom of the 3rd over - 0 runs, 0 hits, 0 errors, 0 left on base; Great Lakes 3 - Fort Wayne 0
TOP OF THE 4TH
Great Lakes Loons batting - Pitching for Fort Wayne TinCaps : RHP Phil Barbara
Batting: RHB Trent Shere 0-0: Foul Ball, location: 2RF
0-1: Ball
1-1: SINGLE (Line Drive, 6M, EV 104.4 MPH)
Batting: LHB Russ Hailer 0-0: Foul Ball, location: 5F
0-1: Foul Ball, location: 7LDF
0-2: Strikes out swinging
Pitching: RHP Cooper Meredith
Pinch Hitting: RHB Jeff Epperly 0-0: Ball
1-0: Ball
2-0: Called Strike
2-1: Grounds into double play, 6-4-3 (Groundball, 6, EV 87.5 MPH)
Top of the 4th over - 0 runs, 1 hit, 0 errors, 0 left on base; Great Lakes 3 - Fort Wayne 0
BOTTOM OF THE 4TH
Fort Wayne TinCaps batting - Pitching for Great Lakes Loons : RHP Carlos Lemus
Now in RF: Joe Matthews
Batting: RHB Jose Noriega 0-0: Called Strike
0-1: Swinging Strike
0-2: Ball
1-2: Ball
2-2: Ball
3-2: Strikes out swinging
Batting: RHB Elijah Hodge 0-0: Ball
1-0: Ball
2-0: Ball
3-0: Called Strike
3-1: Fly out, F3 (Popup, 3SF, EV 83.1 MPH)
Batting: LHB Danny Tellechea 0-0: Ball
1-0: SOLO HOME RUN (Flyball, 89XD, EV 99.4 MPH), Distance : 392 ft
Batting: LHB Bill Narveson 0-0: Called Strike
0-1: Called Strike
0-2: Foul Ball, location: 23F
0-2: Ball
1-2: Fly out, F7 (Line Drive, 7, EV 85.6 MPH)
Bottom of the 4th over - 1 run, 1 hit, 0 errors, 0 left on base; Great Lakes 3 - Fort Wayne 1
TOP OF THE 5TH
Great Lakes Loons batting - Pitching for Fort Wayne TinCaps : RHP Cooper Meredith
Batting: RHB Karl Gorgone 0-0: Called Strike
0-1: Ball
1-1: Ball
2-1: Ball
3-1: Foul Ball, location: 9LDF
3-2: Strikes out swinging
Batting: RHB Cory Walton 0-0: Ball
1-0: Ball
2-0: SINGLE (Line Drive, 8RS, EV 90.0 MPH)
Batting: RHB Austin Vargas 0-0: Called Strike
0-1: Called Strike
0-2: Ball
1-2: Ball
Cory Walton steals 2nd base
2-2: Fly out, F8 (Flyball, 8LXD, EV 110.6 MPH)
Runner from 2nd tags up, SAFE at 3rd, no throw by CF
Batting: RHB Roy Fontaine 0-0: Fly out, F9 (Line Drive, 9D, EV 91.9 MPH)
Top of the 5th over - 0 runs, 1 hit, 0 errors, 1 left on base; Great Lakes 3 - Fort Wayne 1
BOTTOM OF THE 5TH
Fort Wayne TinCaps batting - Pitching for Great Lakes Loons : RHP Carlos Lemus
Batting: LHB Mark Calhoun 0-0: Foul Ball, location: 2F
0-1: Foul Ball, location: 2F
0-2: Ball
1-2: SINGLE (Line Drive, 89M, EV 95.0 MPH)
Batting: RHB David Key 0-0: Ball
1-0: Swinging Strike
1-1: Foul Ball, location: 3SF
1-2: Ball
2-2: Foul Ball, location: 25F
2-2: Ball
3-2: Fly out, F7 (Flyball, 7, EV 91.9 MPH)
Batting: LHB J.J. Daugherty 0-0: Called Strike
0-1: Ball
1-1: Swinging Strike
1-2: Fly out, F9 (Flyball, 9S, EV 72.5 MPH)
Batting: RHB Ryan Sheflin 0-0: Called Strike
0-1: Foul Ball, location: 2F
0-2: Strikes out swinging
Bottom of the 5th over - 0 runs, 1 hit, 0 errors, 1 left on base; Great Lakes 3 - Fort Wayne 1
TOP OF THE 6TH
Great Lakes Loons batting - Pitching for Fort Wayne TinCaps : RHP Cooper Meredith
Batting: RHB Alex Villalpando 0-0: Called Strike
0-1: Swinging Strike
0-2: Fly out, F8 (Flyball, 89S, EV 92.5 MPH)
Batting: SHB Jason Phillips 0-0: Called Strike
0-1: Called Strike
0-2: Fly out, F9 (Flyball, 9, EV 90.6 MPH)
Batting: RHB Trent Shere 0-0: Ball
1-0: Ground out 4-3 (Groundball, 4, EV 92.5 MPH)
Top of the 6th over - 0 runs, 0 hits, 0 errors, 0 left on base; Great Lakes 3 - Fort Wayne 1
BOTTOM OF THE 6TH
Fort Wayne TinCaps batting - Pitching for Great Lakes Loons : RHP Carlos Lemus
Batting: RHB Sean Hutchison 0-0: Ball
1-0: Ball
2-0: Foul Ball, location: 23FF
2-1: SOLO HOME RUN (Flyball, 7LD, EV 92.5 MPH), Distance : 339 ft
Batting: RHB Jose Noriega 0-0: Foul Ball, location: 2RF
0-1: Ball
1-1: Swinging Strike
1-2: Strikes out swinging
Batting: RHB Elijah Hodge 0-0: Ball
1-0: Swinging Strike
1-1: Foul Ball, location: 2F
1-2: Strikes out swinging
Batting: LHB Danny Tellechea 0-0: Ball
1-0: Foul Ball, location: 5F
1-1: Foul Ball, location: 2F
1-2: Strikes out swinging
Bottom of the 6th over - 1 run, 1 hit, 0 errors, 0 left on base; Great Lakes 3 - Fort Wayne 2
TOP OF THE 7TH
Great Lakes Loons batting - Pitching for Fort Wayne TinCaps : RHP Cooper Meredith
Batting: LHB Russ Hailer 0-0: Ground out 4-3 (Groundball, 4, EV 85.0 MPH)
Batting: RHB Joe Matthews 0-0: Ball
1-0: Called Strike
1-1: Ball
2-1: Swinging Strike
2-2: Ball
3-2: Ground out 5-3 (Groundball, 56, EV 78.1 MPH)
Batting: RHB Karl Gorgone 0-0: Ball
1-0: Swinging Strike
1-1: Ball
2-1: Foul Ball, location: 25F
2-2: Ball
3-2: Base on Balls
Pitching: RHP Miguel Montoya
Batting: RHB Cory Walton 0-0: Fielders Choice at 2nd, 6-4 (Groundball, 56, EV 91.3 MPH)
Top of the 7th over - 0 runs, 0 hits, 0 errors, 1 left on base; Great Lakes 3 - Fort Wayne 2
BOTTOM OF THE 7TH
Fort Wayne TinCaps batting - Pitching for Great Lakes Loons : RHP Carlos Lemus
Batting: LHB Bill Narveson 0-0: Foul Ball, location: 2F
0-1: Foul Ball, location: 2F
0-2: SINGLE (Groundball, 34D, EV 102.5 MPH)
Batting: LHB Mark Calhoun 0-0: Ball
1-0: Grounds into double play, 4-6-3 (Groundball, 4, EV 85.0 MPH)
Batting: RHB David Key 0-0: Ball
1-0: Ground out 5-3 (Groundball, 56S, EV 79.4 MPH)
Bottom of the 7th over - 0 runs, 1 hit, 0 errors, 0 left on base; Great Lakes 3 - Fort Wayne 2
TOP OF THE 8TH
Great Lakes Loons batting - Pitching for Fort Wayne TinCaps : RHP Miguel Montoya
Pitching: RHP Blake Carpenter
Batting: RHB Austin Vargas 0-0: Called Strike
0-1: Ball
1-1: Foul Ball, location: 7LSFF
1-2: Ball
2-2: Strikes out swinging
Batting: RHB Roy Fontaine 0-0: Foul Ball, location: 2F
0-1: Fly out, F4 (Popup, 3S, EV 74.4 MPH)
Batting: RHB Alex Villalpando 0-0: Ball
1-0: Called Strike
1-1: Called Strike
1-2: Foul Ball, location: 9LMF
1-2: Ball
2-2: SINGLE (Groundball, 6MD, EV 108.1 MPH)
Batting: SHB Jason Phillips 0-0: Fly out, F8 (Flyball, 8RD, EV 83.8 MPH)
Top of the 8th over - 0 runs, 1 hit, 0 errors, 1 left on base; Great Lakes 3 - Fort Wayne 2
BOTTOM OF THE 8TH
Fort Wayne TinCaps batting - Pitching for Great Lakes Loons : RHP Carlos Lemus
Batting: LHB J.J. Daugherty 0-0: Called Strike
0-1: Swinging Strike
0-2: Ground out U3 (Groundball, 34, EV 104.4 MPH)
Pitching: RHP Brian Williams
Batting: RHB Ryan Sheflin 0-0: Ball
1-0: Ball
2-0: Called Strike
2-1: Foul Ball, location: 3F
2-2: Fly out, F8 (Line Drive, 8RD, EV 83.8 MPH)
Pinch Hitting: RHB Alex Holguin 0-0: SINGLE (Line Drive, 6D, EV 96.9 MPH)
Batting: RHB Jose Noriega 0-0: Fly out, F7 (Flyball, 7S, EV 89.4 MPH)
Bottom of the 8th over - 0 runs, 1 hit, 0 errors, 1 left on base; Great Lakes 3 - Fort Wayne 2
TOP OF THE 9TH
Great Lakes Loons batting - Pitching for Fort Wayne TinCaps : RHP Blake Carpenter
Now at SS: Mike Ranieri
Pinch Hitting: SHB Mark Henning 0-0: Called Strike
0-1: Ball
1-1: Foul Ball, location: 9LSFF
1-2: Ball
2-2: Ball
3-2: Fly out, F8 (Flyball, 8LS, EV 94.4 MPH)
Batting: LHB Russ Hailer 0-0: Ball
1-0: SINGLE (Line Drive, 3D, EV 95.0 MPH)
Batting: RHB Joe Matthews 0-0: Ball
1-0: Called Strike
1-1: Swinging Strike
1-2: Foul Ball, location: 2RF
1-2: Ball
2-2: Strikes out swinging
Pitching: RHP Rich Mowdy
Batting: RHB Karl Gorgone 0-0: Ball
1-0: Fielders Choice at 2nd, 5-4 (Groundball, 5, EV 81.3 MPH)
Top of the 9th over - 0 runs, 1 hit, 0 errors, 1 left on base; Great Lakes 3 - Fort Wayne 2
BOTTOM OF THE 9TH
Fort Wayne TinCaps batting - Pitching for Great Lakes Loons : RHP Brian Williams
Pitching: LHP Kevin Rivas
Now in CF: Rich Saez
Batting: RHB Elijah Hodge 0-0: Called Strike
0-1: Fly out, F8 (Flyball, 8LM, EV 81.9 MPH)
Batting: LHB Danny Tellechea 0-0: Ball
1-0: Ball
2-0: Ball
3-0: Base on Balls
Batting: LHB Bill Narveson 0-0: Ball
1-0: Ball
2-0: Swinging Strike
2-1: Ball
3-1: Foul Ball, location: 7LDF
3-2: SINGLE (Line Drive, 7S, EV 85.0 MPH)
Danny Tellechea to second
Batting: LHB Mark Calhoun 0-0: Ball
1-0: Foul Ball, location: 5FF
1-1: Called Strike
1-2: Ball
2-2: Fly out, F2 (Popup, 2L, EV 92.5 MPH)
Batting: RHB David Key 0-0: Swinging Strike
0-1: Ball
1-1: Foul Ball, location: 3F
1-2: Ball
2-2: Ground out U3 (Groundball, 3, EV 85.0 MPH)
Bottom of the 9th over - 0 runs, 1 hit, 0 errors, 2 left on base; Great Lakes 3 - Fort Wayne 2
Wednesday, May 8th , 2024 - OOTP Baseball 24.11 Build 85